 Dungeon Crawl Stone Soup version 0.21.1-1-g345015fe64 (webtiles) character file.

1115 Mrkan the Grappler (level 8, 0/78 HPs)
             Began as a Troll Monk on May 9, 2018.
             Slain by an ogre
             ... wielding a +0 giant club
              (18 damage)
             ... on level 5 of the Dungeon.
             The game lasted 00:12:46 (2588 turns).

Mrkan the Grappler (Troll Monk)                     Turns: 2588, Time: 00:12:46

Health: 0/78       AC:  5    Str: 20    XL:     8   Next: 12%
Magic:  7/7        EV: 11    Int:  6    God:
Gold:   258        SH:  0    Dex: 14    Spells: 7/7 levels left

rFire    . . .     SeeInvis .     - Unarmed
rCold    . . .     Gourm    +   (no shield)
rNeg     . . .     Faith    .   a - +0 robe
rPois    .         Spirit   .   (helmet restricted)
rElec    .         Reflect  .   (no cloak)
rCorr    .         Harm     .   (gloves unavailable)
MR       .....                  (boots unavailable)
Stlth    ++........             (no amulet)
HPRegen  0.63/turn              (no ring)
MPRegen  0.10/turn              (no ring)

@: no status effects
A: large, unfitting armour, claws 3, fast metabolism 3, gourmand, regeneration
1, shaggy fur 1, tough skin 2
a: no special abilities


You were on level 5 of the Dungeon.
You were completely stuffed.

You visited 1 branch of the dungeon, and saw 5 of its levels.

You collected 258 gold pieces.

Inventory:

Armour
 a - a +0 robe (worn)
Jewellery
 f - a cursed ring of loudness {unknown}
 h - an uncursed ring of magical power {unknown}
 i - an uncursed ring of stealth {unknown}
 r - an uncursed amulet of regeneration {unknown}
Wands
 n - a wand of paralysis (17)
 s - a wand of iceblast (10)
Scrolls
 c - 6 scrolls of identify {unknown}
 d - 3 scrolls of teleportation {unknown}
 j - 3 scrolls of remove curse {unknown}
 k - a scroll of magic mapping {unknown}
 q - a scroll of fear {unknown}
 t - a scroll of enchant weapon {unknown}
Potions
 e - 3 potions of might {unknown}
 g - 2 potions of brilliance {unknown}
 l - a potion of mutation {unknown}
 o - a potion of lignification {unknown}
 p - 3 potions of curing {unknown}
Comestibles
 b - 6 rations
 m - 5 chunks of flesh


   Skills:
 * Level 4.2 Fighting
 - Level 2.5 Dodging
 - Level 1.1 Stealth
 - Level 9.1 Unarmed Combat


You had 7 spell levels left.
You didn't know any spells.

Dungeon Overview and Level Annotations

Branches:
Dungeon (5/15)
 Temple: D:4-7

Altars:
Gozag
Zin

Shops:
D:5 (

Annotations:
D:5 Ijyb


Innate Abilities, Weirdness & Mutations

You are too large for most types of armour.
You have claws for hands.
Your metabolism is lightning-fast.
You like to eat raw meat.
Your natural rate of healing is unusually fast.
You are covered in fur. (AC +1)
You have very tough skin. (AC +2)


Message History

* * * LOW HITPOINT WARNING * * *
The ogre closely misses you.
The orc wizard hits you but does no damage.
Sorry, you're not good enough to have a special ability.
Okay, then.
You claw Ijyb!
Ijyb is severely wounded.
The orc wizard hits you with a dagger of speed.
* * * LOW HITPOINT WARNING * * *
Ijyb closely misses you.
You barely miss Ijyb.
Ijyb is severely wounded.
The orc wizard casts a spell.
The orc wizard blinks!
The ogre closely misses you.
Ijyb screams, "Die!"
Ijyb misses you.
You closely miss Ijyb.
Ijyb is severely wounded.
The ogre hits you with a giant club!!
You die...

.. . .. .. ..
$#### .# ....
.# #.. .# .#.
#.O###.#.....
#.§@go.......
#∩####....)#.
# ######


You could see an ogre, Ijyb and an orc wizard.

Vanquished Creatures
  Pikel (D:4)
  2 ogres (D:4)
  2 scorpions (D:4)
  4 orc wizards (D:4)
  3 orc priests
  Jessica (D:2)
  An iguana (D:4)
  Terence (D:3)
  2 worker ants (D:4)
  2 adders (D:3)
  2 oozes
  A dart slug (D:3)
  3 leopard geckos
  9 orcs (D:4)
  2 ball pythons (D:1)
  3 giant cockroaches (D:3)
  4 goblins
  4 hobgoblins
  A quokka (D:3)
  2 bats
  4 frilled lizards
  7 kobolds
  A quokka skeleton (D:4)
  3 rats
65 creatures vanquished.

Notes
Turn   | Place    | Note
-------+----------+-------------------------------------------
     0 | D:1      | Mrkan the Troll Monk began the quest for the Orb.
     0 | D:1      | Reached XP level 1. HP: 22/22 MP: 0/0
    96 | D:1      | Reached XP level 2. HP: 29/29 MP: 1/1
   601 | D:2      | Noticed Jessica
   621 | D:2      | Killed Jessica
   621 | D:2      | Reached skill level 4 in Unarmed Combat
   621 | D:2      | Reached XP level 3. HP: 32/36 MP: 2/2
  1016 | D:3      | Noticed Terence
  1027 | D:3      | Killed Terence
  1027 | D:3      | Reached XP level 4. HP: 41/44 MP: 3/3
  1164 | D:3      | Reached skill level 5 in Unarmed Combat
  1363 | D:3      | Found a glowing silver altar of Zin.
  1364 | D:3      | Found an opulent altar of Gozag.
  1727 | D:4      | Reached XP level 5. HP: 11/50 MP: 4/4
  1858 | D:4      | Reached skill level 6 in Unarmed Combat
  1942 | D:4      | Reached XP level 6. HP: 51/59 MP: 5/5
  2029 | D:4      | Noticed Pikel
  2063 | D:4      | Reached skill level 7 in Unarmed Combat
  2133 | D:4      | Reached XP level 7. HP: 22/66 MP: 6/6
  2261 | D:4      | Killed Pikel
  2261 | D:4      | Reached skill level 9 in Unarmed Combat
  2308 | D:4      | Reached XP level 8. HP: 76/76 MP: 7/7
  2571 | D:5      | Entered Level 5 of the Dungeon
  2571 | D:5      | Found Iggije's Weapon Emporium.
  2571 | D:5      | Noticed Ijyb
  2588 | D:5      | Slain by an ogre

Skill      XL: |  1  2  3  4  5  6  7  8 |
---------------+-------------------------+-----
Unarmed Combat | 4 5 6 7 9 |  9.1
Fighting       | 3 4 |  4.2
Dodging        | |  2.5
Stealth        | |  1.1

Action                   |  1- 3 |  4- 6 |  7- 9 || total
-------------------------+-------+-------+-------++-------
Melee: Unarmed           |    73 |    74 |    39 ||   186
       Punch             |       |     1 |     1 ||     2
 Stab: Sleeping          |       |     1 |     1 ||     2
       Distracted        |       |     1 |       ||     1
  Eat: Chunk             |    15 |     9 |     5 ||    29
Armor: Robe              |    22 |    13 |     5 ||    40
Dodge: Dodged            |    43 |    35 |     9 ||    87
